 Dungeon Crawl Stone Soup version 0.18-a0-971-g0af6217 (webtiles) character file.

108 Havendes the Ducker (level 4, -1/34 HPs)
             Began as a Demonspawn Gladiator on Jan 2, 2016.
             Was a Believer of Lugonu.
             Slain by a gnoll
             ... wielding a +0 spear
              (6 damage)
             ... on level 2 of the Dungeon.
             The game lasted 00:16:48 (2548 turns).

Havendes the Ducker (Demonspawn Gladiator)          Turns: 2548, Time: 00:16:48

Health: -1/34      AC:  6    Str: 16    XL:     4   Next: 58%
Magic:  4/4        EV: 12    Int: 10    God:    Lugonu [**....]
Gold:   82         SH:  0    Dex: 13    Spells: 0 memorised, 3 levels left

rFire  . . .     SeeInvis .     a - +0 rapier
rCold  + . .     Gourm    .     j - +0 ring mail
rNeg   . . .     Faith    .     (no shield)
rPois  .         Spirit   .     c - +0 helmet
rElec  .         Dismiss  .     (no cloak)
rCorr  .         Reflect  .     (no gloves)
SustAt .         Harm     .     (no boots)
MR     .....                    (no amulet)
Stlth  +.........               (no ring)
                                e - ring of protection from cold

@: not resistant to hostile enchantments, very unstealthy
A: claws 2
a: Depart the Abyss, Bend Space, Renounce Religion


You were on level 2 of the Dungeon.
You worshipped Lugonu.
Lugonu was pleased with you.
You were hungry.

You visited 1 branch of the dungeon, and saw 2 of its levels.

You collected 82 gold pieces.

Inventory:

Hand Weapons
 a - a +0 rapier (weapon)
 g - a +0 spear
 h - a +0 dagger
Missiles
 i - 14 stones (quivered)
Armour
 b - a +0 leather armour
 c - a +0 helmet (worn)
 j - a +0 ring mail (worn)
Jewellery
 e - a ring of protection from cold (left claw)
Scrolls
 m - 3 scrolls of identify
Potions
 l - a potion of poison
Comestibles
 f - 2 bread rations
 k - a beef jerky
 n - 4 chunks of flesh


   Skills:
 + Level 2.5 Fighting
 + Level 3.3 Short Blades
 + Level 2.0 Throwing
 + Level 1.3 Armour
 + Level 3.6 Dodging
 + Level 0.4 Stealth


You had 3 spell levels left.
You didn't know any spells.

Dungeon Overview and Level Annotations

Branches:
Dungeon (2/15)

Altars:
Okawaru
Lugonu


Innate Abilities, Weirdness & Mutations

You have very sharp fingernails.


Message History

Press: ? - help, Shift-Dir - straight line, f/p - gnoll
Aim: a gnoll, wielding a spear (heavily wounded)
You throw a stone.
The stone hits the gnoll but does no damage.
The gnoll is heavily wounded.
The gnoll hits you with a spear.
* * * LOW HITPOINT WARNING * * *
You hit the gnoll.
The gnoll is severely wounded.
The gnoll hits you but does no damage.
You hit the gnoll but do no damage.
The gnoll is severely wounded.
The gnoll barely misses you.
You hit the gnoll.
The gnoll is severely wounded.
The gnoll closely misses you.
You hit the gnoll but do no damage.
The gnoll is severely wounded.
The gnoll hits you with a spear.
You die...

#.# #..# #.# ####..#### #.#
#........########### #.#
#.##...............#
#.############.#................#
............#...........#######.#
......#####.#............######.#
.............................##.#
###...#####.#.#.@.#......###.....
###...#####.#.##g###########.....
.................# #####......
####.######......# ##..........
#.# ###.##.# #........... #.#
#....# #.......#... #.# ###..#
#.......#### #.## #..# ##...#..#
#..# #..# #.###..#


You could see a gnoll.

Vanquished Creatures
  3 gnolls
  2 adders
  An ooze (D:2)
  A worm (D:2)
  A giant gecko (D:2)
  2 bats (D:2)
  2 giant cockroaches (D:1)
  11 goblins
  3 hobgoblins
  10 jackals
  4 kobolds
  A quokka (D:2)
  A ball python (D:2)
  2 giant newts (D:1)
  5 rats
49 creatures vanquished.

Notes
Turn   | Place    | Note
--------------------------------------------------------------
     0 | D:1      | Havendes the Demonspawn Gladiator began the quest for the Orb.
     0 | D:1      | Reached XP level 1. HP: 16/16 MP: 1/1
   235 | D:1      | Gained mutation: You have sharp fingernails. [demonic ancestry]
   235 | D:1      | Reached XP level 2. HP: 16/22 MP: 2/2
   352 | D:1      | Reached skill level 3 in Short Blades
   755 | D:1      | Gained mutation: You have very sharp fingernails. [demonic ancestry]
   755 | D:1      | Reached XP level 3. HP: 18/27 MP: 3/3
  1257 | D:2      | Found a faded altar to an unknown god.
  1271 | D:2      | Became a worshipper of Lugonu the Unformed
  1271 | D:2      | Reached * piety under Lugonu
  1271 | D:2      | Reached ** piety under Lugonu
  1814 | D:2      | Reached skill level 1 in Armour
  1814 | D:2      | Reached XP level 4. HP: 19/34 MP: 4/4
  2421 | D:2      | Found an iron altar of Okawaru.
  2548 | D:2      | Slain by a gnoll

Vault maps used:
D:1:      dpeg_arrival_boxorama
D:2:      nicolae_overflow_hidden_temple, ecumenical_altar_1, first_bread

Action                   |  1- 3 |  4- 6 || total
-------------------------+-------+-------++-------
Melee: Rapier            |   158 |    62 ||   220
Throw: Throwing net      |     3 |     3 ||     6
       Stone             |       |     2 ||     2
  Use: Potion            |     3 |       ||     3
       Scroll            |     2 |       ||     2
 Stab: Held in net/web   |     1 |     1 ||     2
  Eat: Chunk             |     3 |     2 ||     5
